 Dungeon Crawl Stone Soup version 0.18.1-6-gd335043 (webtiles) character file.

870 zeroDi the Covert (level 8, -2/38 HPs)
             Began as a Vine Stalker Assassin on May 20, 2016.
             Killed from afar by an orc wizard (7 damage)
             ... with a magic dart
             ... on level 6 of the Dungeon.
             The game lasted 00:12:17 (3742 turns).

zeroDi the Covert (Vine Stalker Assassin)           Turns: 3742, Time: 00:12:18

Health: -2/38      AC:  4    Str: 14    XL:     8   Next: 3%
Magic:  0/9        EV:  8    Int: 11    God:
Gold:   291        SH:  7    Dex: 18    Spells: 0 memorised, 7 levels left

rFire  . . .     SeeInvis .     a - +2 dagger (speed)
rCold  . . .     Gourm    .     c - +0 robe
rNeg   . . .     Faith    .     L - +0 shield
rPois  .         Spirit   +     u - +0 helmet
rElec  .         Dismiss  .     d - +0 cloak
rCorr  .         Reflect  .     (no gloves)
SustAt .         Harm     .     (no boots)
MR     +....                    (no amulet)
Stlth  +++++.....               (no ring)
                                (no ring)

@: somewhat resistant to hostile enchantments, quite stealthy
A: fangs 3, regeneration 2, magic shield, antimagic bite, no device heal 3, rot
immunity
a: no special abilities


You were on level 6 of the Dungeon.
You were not hungry.

You visited 1 branch of the dungeon, and saw 6 of its levels.

You collected 291 gold pieces.


Innate Abilities, Weirdness & Mutations

You have razor-sharp teeth.
You heal very quickly.
When hurt, damage is shared between your health and your magic reserves.
Your bite disrupts and absorbs the magic of your enemies.
Potions and wands cannot restore your health.
You are immune to rotting.


   Skills:
 - Level 1.7 Fighting
 * Level 5.1 Short Blades
 + Level 1.9 Throwing
 - Level 0.7 Dodging
 - Level 10.2 Stealth


You had 7 spell levels left.
You didn't know any spells.

Inventory:

Hand Weapons
 a - a +2 dagger of speed (weapon)
 b - a +0 blowgun
 C - a +2 dagger
Missiles
 f - 2 curare-tipped needles {=f}
 w - 3 poisoned needles
 I - 11 tomahawks (quivered)
Armour
 c - a +0 robe (worn)
 d - a +0 cloak (worn)
 u - a +0 helmet (worn)
 L - a +0 shield (worn)
Jewellery
 s - a +5 amulet of reflection {unknown}
 v - a cursed amulet of inaccuracy {unknown}
 B - an uncursed ring of stealth {unknown}
 G - an uncursed amulet of rage {unknown}
Wands
 z - a wand of random effects (22/48)
 E - a wand of digging (10/24)
Scrolls
 h - 3 scrolls of enchant armour {unknown}
 i - 2 scrolls of teleportation {unknown}
 j - 3 scrolls of recharging {unknown}
 m - 2 scrolls of identify {unknown}
 n - 2 scrolls of remove curse {unknown}
 p - 4 scrolls of magic mapping {unknown}
 t - 2 scrolls of enchant weapon {unknown}
 y - 4 scrolls of amnesia {unknown}
 D - 2 scrolls of fog {unknown}
 F - 2 scrolls of noise {unknown}
 J - a scroll of random uselessness {unknown}
Potions
 e - 3 potions of lignification {unknown}
 l - 4 potions of curing {unknown}
 x - 2 potions of degeneration {unknown}
 A - a potion of cancellation {unknown}
 H - a potion of brilliance {unknown}
 K - a potion of might {unknown}
Comestibles
 g - 2 bread rations
 k - 2 meat rations
 o - 4 fruits
 r - a beef jerky

Dungeon Overview and Level Annotations

Branches:
Dungeon (6/15)
 Temple: D:4-7

Altars:
Fedhas
Gozag
Ru
Xom
Yredelemnul
Zin

Annotations:
D:3 exclusion: door, Sigmund

##### .... ... #..
#..###
#..#.##########.
#.)(()oo@...<...
_..(..$#.#.########.
....#............##
... #....[........#
. #..#.#..####....
##..#.#>## ##
$......<#
##..#.#.......?
#..#.#######..


You could see an orc wizard and an orc.


Message History

The orc wizard is moderately wounded.
You block the orc wizard's attack. You block the orc's attack.
You hit the orc wizard.
The orc wizard is heavily wounded.
The orc wizard points at you and mumbles some strange words.
The magic dart hits you!
* * * LOW HITPOINT WARNING * * *
You hit the orc wizard.
The orc wizard is severely wounded.
The orc wizard hits you with a dagger!
* * * LOW HITPOINT WARNING * * *
The orc hits you with a flail.
* * * LOW HITPOINT WARNING * * *
The orc wizard hits you with a dagger.
* * * LOW HITPOINT WARNING * * *
You hit the orc wizard. Your bite misses the orc wizard.
The orc wizard is almost dead.
The orc wizard gestures at you while chanting.
The magic dart hits you!
You die...

Action                   |  1- 3 |  4- 6 |  7- 9 || total
-------------------------+-------+-------+-------++-------
Melee: Dagger            |    80 |   165 |    96 ||   341
       Bite              |    14 |    56 |    24 ||    94
 Fire: Blowgun           |     6 |    15 |     8 ||    29
 Stab: Sleeping          |     8 |    11 |     6 ||    25
  Eat: Chunk             |       |     5 |     2 ||     7
       Pizza             |       |       |     1 ||     1
Armor: Robe              |    17 |    28 |    12 ||    57
Dodge: Dodged            |    35 |    56 |    20 ||   111
Block: Shield            |       |       |    10 ||    10

Vault maps used:
D:1:      saegor_arrival_simple_f
D:2:      uniq_iyjb, uniq_jessica
D:3:      marbit_many_paths, xom_butterflies, uniq_sigmund, uniq_terence,
          uniq_crazy_yiuf_cottage
D:4:      grunt_temple_overflow_open, first_bread, uniq_natasha,
          uniq_blork_the_orc
D:6:      old_standard_altar, minmay_temple_entry_butterflies, serial_undead,
          serial_undead_a, serial_undead_c, serial_undead_f, serial_undead_d,
          uniq_duvessa, uniq_eustachio

Notes
Turn   | Place    | Note
--------------------------------------------------------------
     0 | D:1      | zeroDi the Vine Stalker Assassin began the quest for the Orb.
     0 | D:1      | Reached XP level 1. HP: 11/11 MP: 2/2
    15 | D:1      | Reached skill level 2 in Short Blades
    37 | D:1      | Reached XP level 2. HP: 12/15 MP: 3/3
   138 | D:1      | Reached skill level 3 in Short Blades
   138 | D:1      | Reached XP level 3. HP: 18/18 MP: 4/4
   680 | D:2      | You fall through a shaft!
   716 | D:2      | Noticed Jessica
   717 | D:2      | Killed Jessica
   717 | D:2      | Reached skill level 4 in Short Blades
   717 | D:2      | Reached XP level 4. HP: 23/23 MP: 5/5
  1027 | D:2      | Noticed Ijyb
  1083 | D:2      | Killed Ijyb
  1083 | D:2      | Reached XP level 5. HP: 23/26 MP: 6/6
  1391 | D:3      | Found a shimmering altar of Xom.
  1447 | D:3      | Noticed Terence
  1467 | D:3      | Killed Terence
  1467 | D:3      | Reached skill level 5 in Short Blades
  1602 | D:3      | Reached skill level 5 in Stealth
  1673 | D:3      | Found a blossoming altar of Fedhas.
  1915 | D:3      | Noticed Sigmund
  2234 | D:4      | Gained mutation: You heal very quickly. [Vine Stalker growth]
  2234 | D:4      | Reached XP level 6. HP: 30/30 MP: 7/7
  2260 | D:3      | Reached skill level 6 in Stealth
  2444 | D:4      | Found an opulent altar of Gozag.
  2456 | D:4      | Reached skill level 7 in Stealth
  2458 | D:4      | Found a basalt altar of Yredelemnul.
  2460 | D:4      | Found a glowing silver altar of Zin.
  2533 | D:4      | Noticed Blork the orc
  2538 | D:4      | Noticed Natasha
  2551 | D:4      | Killed Blork the orc
  2551 | D:4      | Reached skill level 8 in Stealth
  2551 | D:4      | Reached XP level 7. HP: 32/34 MP: 8/8
  2556 | D:4      | Killed Natasha
  2732 | D:4      | Noticed Natasha
  2741 | D:4      | Killed Natasha
  2777 | D:4      | Reached skill level 9 in Stealth
  2986 | D:5      | Entered Level 5 of the Dungeon
  3555 | D:5      | Reached skill level 10 in Stealth
  3708 | D:6      | Gained mutation: You have razor-sharp teeth. [Vine Stalker growth]
  3708 | D:6      | Reached XP level 8. HP: 37/38 MP: 9/9
  3718 | D:6      | Found a sacrificial altar of Ru.
  3742 | D:6      | Killed from afar by an orc wizard

Vanquished Creatures
  An ogre (D:4)
  A centaur (D:5)
  Blork the orc (D:4)
  2 crimson imps
  5 hounds
  2 orc priests (D:6)
  Jessica (D:2)
  Ijyb (D:2)
  Terence (D:3)
  Natasha (twice) (D:4)
  A worker ant (D:4)
  A hound skeleton (D:5)
  5 gnolls
  9 adders
  3 dart slugs
  3 giant geckos
  3 orcs (D:4)
  A ball python (D:3)
  5 bats
  5 giant cockroaches
  11 goblins
  5 hobgoblins
  5 jackals
  8 kobolds
  3 quokkas
  4 giant newts
  A jackal zombie (D:5)
  8 rats
98 creatures vanquished.
